AoeStats
← MottledTitan21

Lombardia

509489872Analyzed
2v2 RM · 6d ago on Sep 27, 2026· 35m 4s· 4 players
Game mode
Random Map
Map size
Medium (4 player)
Population
200
Speed
Normal
Resources
Standard
Victory
Conquest
Starting age
Dark Age
Ending age
Imperial Age
RankedLock teamsTeams togetherTeam positionsShared explorationLock speedFull tech treeHidden civsTurbo modeCheats
Victory
Defeat
🇦🇷 Saracens · Argentina
1502
+13
🇦🇷 Khmer · Argentina
1432
+15
🇳🇱 Vikings · Netherlands
1511
-17
🇳🇱 Maya · Netherlands
1334
-11
Strider
7:02 Loom
9:17 Feudal Age
12:04 Double-Bit Axe
17:08 Fletching
19:13 Horse Collar
23:40 Castle Age
MottledTitan21
0:30 Loom
10:41 Feudal Age
13:27 Double-Bit Axe
15:47 Horse Collar
17:30 Fletching
27:20 Castle Age
27:32 Padded Archer Armor
28:01 Bodkin Arrow
27:31 Crossbowman
29:21 Leather Archer Armor
AM | Pipi Romagnoli
5:28 Loom
9:17 Feudal Age
10:12 Double-Bit Axe
10:10 Horse Collar
22:07 Castle Age
20:41 Padded Archer Armor
20:54 Fletching
22:31 Bloodlines
23:26 Wheelbarrow
22:44 Gold Mining
22:23 Elite Skirmisher
23:41 Bodkin Arrow
25:14 Bow Saw
25:11 Husbandry
27:53 Ballistics
32:00 Thumb Ring
32:45 Heavy Plow
33:30 Town Watch
34:01 Hand Cart
38:01 Imperial Age
[W] BattleDenk
5:34 Loom
8:22 Feudal Age
9:10 Double-Bit Axe
18:44 Castle Age
18:17 Scale Barding Armor
18:32 Bloodlines
19:32 Husbandry
20:21 Wheelbarrow
19:31 Town Watch
34:35 Chain Barding Armor
Connection lost

Rejoining the realm…

Still unreachable

The connection could not be restored.

Session expired

The server has moved on; the page needs a fresh start.